 Dungeon Crawl Stone Soup version 0.29-a0-275-g389c0b56f3 (webtiles) character file.

Game seed: 2059333225991295931

1 Hubjo the Chucker (level 1, -2/15 HPs)
             Began as a Demonspawn Wanderer on Mar 9, 2022.
             Frozen to death by an endoplasm (4 damage)
             ... on level 1 of the Dungeon.
             The game lasted 00:00:19 (139 turns).

Hubjo the Chucker (Demonspawn Wanderer)              Turns: 139, Time: 00:00:20

Health: -2/15      AC:  2    Str: 10    XL:     1   Next: 16%
Magic:  2/2        EV: 11    Int: 18    God:
Gold:   0          SH:  0    Dex:  9    Spells: 2/2 levels left

rFire   . . .      SeeInvis .   a - +0 dagger
rCold   . . .      Faith    .   (no shield)
rNeg    . . .      Spirit   .   d - +0 robe
rPois   .          Reflect  .   (no helmet)
rElec   .          Harm     .   (no cloak)
rCorr   .          Rampage  .   (no gloves)
Will    .....                   (no boots)
Stlth   +.........              (no amulet)
HPRegen 0.05/turn               (no ring)
MPRegen 0.08/turn               (no ring)

@: no status effects
A: no striking features
a: no special abilities


You were on level 1 of the Dungeon.
You visited 1 branch of the dungeon, and saw 1 of its levels.

Inventory:

Hand Weapons
 a - a +0 dagger (weapon)
Missiles
 b - 8 poisoned darts (quivered)
Armour
 d - a +0 robe (worn)
Scrolls
 c - a scroll of fear


   Skills:
 * Level 1.1 Fighting
 - Level 3.6 Throwing
 + Level 0.0 Dodging
 + Level 0.0 Stealth
 + Level 1.0 Spellcasting
 + Level 1.0 Translocations
 + Level 2.7 Fire Magic


You had 2 spell levels left.
You didn't know any spells.
Your spell library contained the following spells:

 Spells                   Type           Power      Damage    Failure   Level
 Foxfire                  Conj/Fire      20%        2x1d5     12%         1
 Apportation              Tloc           8%         N/A       13%         1
 Conjure Flame            Conj/Fire      5%         6-21      34%         3
 Portal Projectile        Hex/Tloc       4%         N/A       43%         3
 Sticky Flame             Conj/Fire      5%         2d3       75%         4


Dungeon Overview and Level Annotations

Branches:
Dungeon (1/15)

Altars:


Message History

The endoplasm freezes you.
You are frozen.
You hit the endoplasm but do no damage.
The endoplasm is heavily wounded.
The frilled lizard unfolds its giant frill.
The frilled lizard bites you. The endoplasm closely misses you.
You are too injured to fight recklessly!
You are too injured to fight recklessly!
You are too injured to fight recklessly!
You are too injured to fight recklessly!
You are too injured to fight recklessly!
You are too injured to fight recklessly!
You are too injured to fight recklessly!
You are too injured to fight recklessly!
There are monsters nearby!
The frilled lizard bites you. The endoplasm hits you.
* * * LOW HITPOINT WARNING * * *
You hit the endoplasm but do no damage.
The endoplasm is heavily wounded.
The frilled lizard bites you but does no damage.
The endoplasm barely misses you.
You barely miss the endoplasm.
The endoplasm is heavily wounded.
The frilled lizard bites you but does no damage.
The endoplasm closely misses you.
You hit the endoplasm.
The endoplasm is heavily wounded.
The frilled lizard misses you. The endoplasm closely misses you.
The endoplasm attacks as you move away! The endoplasm hits you.
* * * LOW HITPOINT WARNING * * *
The endoplasm attacks as you move away!
The endoplasm hits you but does no damage.
The frilled lizard attacks as you move away!
The frilled lizard barely misses you.
The frilled lizard attacks as you move away!
The frilled lizard bites you but does no damage.
The frilled lizard bites you but does no damage.
The endoplasm freezes you.
You are frozen.
You die...

............####
...............#
...............#
...............#
...............#
...............#
...............####
.......lJ..........
........@......#######
##
##########.#...##....#
#. #.#...##.##.# #.
#.######.##.# #.
#.........#.###.
#.#########..... ###
######


You could see an endoplasm and a frilled lizard.

Vanquished Creatures
  A goblin (D:1)
1 creature vanquished.

Notes
Turn   | Place    | Note
-------+----------+-------------------------------------------
     0 | D:1      | Hubjo the Demonspawn Wanderer began the quest for the Orb.
     0 | D:1      | Hubjo set off with the following items: a +0 dagger, 8
                  | poisoned darts, a scroll of fear, a +0 robe; and the
                  | following spells available to memorise: Foxfire,
                  | Apportation, Conjure Flame, Portal Projectile, Sticky Flame
     0 | D:1      | Reached XP level 1. HP: 15/15 MP: 2/2
   139 | D:1      | Frozen to death by an endoplasm

Illustrated notes

Levels and vault maps discovered:
D:1:      saegor_arrival_simple_a, layout_basic, minmay_close_crescents

Action                   || total
-------------------------++-------
Melee: Dagger            ||    12
Armor: Robe              ||     7
Dodge: Dodged            ||    11

Table legend: (Time is in decaauts)
 A = Elapsed time spent in this place.
 B = Non-inter-level travel time spent in this place.
 C = Inter-level travel time spent in this place.
 D = Time resting spent in this place.
 E = Time spent auto-exploring this place.
 F = Levels seen in this place.
 G = Mean time per level.
                   A        B        C        D        E       F      G
               +--------+--------+--------+--------+--------+-----+--------+
         Total |    139 |    139 |      0 |      0 |    108 |   1 |  139.0 |
       Dungeon |    139 |    139 |      0 |      0 |    108 |   1 |  139.0 |
               +--------+--------+--------+--------+--------+-----+--------+

Top non-repeatable levels by time:
     D:1: 139 daAuts
